 Dungeon Crawl Stone Soup version 0.27.1-1-g398f81649c (webtiles) character file.

Game seed: 1647424130794104422

9 Kala the Ruffian (level 2, 27/27 HPs)
             Began as a Troll Transmuter on Sept 8, 2021.
             Was a Follower of Vehumet.
             Quit the game on level 1 of the Dungeon.
             The game lasted 00:00:45 (131 turns).

Kala the Ruffian (Troll Transmuter)                  Turns: 131, Time: 00:00:46

Health: 27/27      AC:  4    Str: 17    XL:     2   Next: 3%
Magic:  0/2        EV:  9    Int:  9    God:    Vehumet [*.....]
Gold:   37         SH:  0    Dex: 10    Spells: 2/3 levels left

rFire    . . .     SeeInvis .     - Unarmed
rCold    . . .     Faith    .   (no shield)
rNeg     . . .     Spirit   .   a - +0 robe
rPois    .         Reflect  .   (helmet currently unavailable)
rElec    .         Harm     .   (no cloak)
rCorr    .         Rampage  .   (gloves unavailable)
Will     .....                  (boots unavailable)
Stlth    +.........             (no amulet)
HPRegen  1.09/turn              (no ring)
MPRegen  0.08/turn              (no ring)

@: appendages (expiring)
A: horns 2, talons 2, large, unfitting armour, claws 3, regeneration 1, shaggy
fur 1, tough skin 1
a: End Transformation, Renounce Religion


You were on level 1 of the Dungeon.
You worshipped Vehumet.
Vehumet was aware of your devotion.
You had temporarily grown beastly horns and talons.
You visited 1 branch of the dungeon, and saw 1 of its levels.

You collected 37 gold pieces.

Inventory:

Armour
 a - a +0 robe (worn)


   Skills:
 + Level 1.0 Fighting
 - Level 1.5 Dodging
 * Level 3.2 Unarmed Combat
 - Level 1.2 Spellcasting
 * Level 1.6 Transmutations


You had 2 spell levels left.
You knew the following spells:

 Your Spells              Type           Power      Damage    Failure   Level
a - Beastly Appendage     Tmut           6%         N/A       19%         1

Your spell library contained the following spells:

 Spells                   Type           Power      Damage    Failure   Level
 Foxfire                  Conj/Fire      0%         2x1d4     36%         1
 Wereblood                Tmut           3%         N/A       26%         2
 Spider Form              Tmut/Pois      1%         N/A       61%         3
 Ice Form                 Ice/Tmut       2%         N/A       95%         4


Dungeon Overview and Level Annotations

Branches:
Dungeon (1/15)

Altars:
Vehumet


Innate Abilities, Weirdness & Mutations

You have temporarily grown beastly horns and talons.
You are too large for most types of armour.
You have claws for hands.
Your natural rate of healing is unusually fast.
You are covered in fur. (AC +1)
You have tough skin. (AC +1)


Message History

No target in view!
No target in view!
No target in view!
No target in view!
No target in view!
No target in view!
No target in view!
No target in view!
No target in view!
No target in view!
Your horns disappear.
Your talons disappear.
Found 10 gold pieces.
You now have 27 gold pieces (gained 2).
You now have 37 gold pieces (gained 10).
You open the door.
A dart slug comes into view.
There is an open door here.
Casting: Beastly Appendage (safe; 19% risk of failure)
Confirm with . or Enter, or press ? or * to list all spells.
You grow a pair of large bovine horns.
Your feet morph into talons.
Found a faded altar of an unknown god.
The dart slug launches a dart at you.
The slug dart hits you but does no damage.
You enter the shallow water.
Moving in this stuff is going to be slow.
Your transformation is almost over.
The dart slug bites you.
You claw the dart slug!
The dart slug is almost dead.
You claw the dart slug!
You kill the dart slug!
Your Fighting skill increases to level 1!
You have reached level 2!
There is a faded altar of an unknown god here.
You cannot tell which god this altar belongs to.
Convert to them anyway?
Vehumet accepts your prayer! Vehumet welcomes you!
You can now gain magical power from killing.
Vehumet offers you knowledge of Foxfire.
Are you sure you want to abandon this character and quit the game? (Confirm with "yes".)

#.......# #.......#
#.......#
#.......###########
#.......#.........#
#.......#....≈....#
.........#.≈..≈..≈.#
########.#.≈..≈..≈.#
#.'####@####+
###.≈..≈..≈.#
#.≈†.≈..≈.#
#....≈....#
#.........#
###########


There were no monsters in sight!

Vanquished Creatures
  A dart slug (D:1)
  A hobgoblin (D:1)
  2 kobolds (D:1)
  A quokka (D:1)
  A bat (D:1)
6 creatures vanquished.

Notes
Turn   | Place    | Note
-------+----------+-------------------------------------------
     0 | D:1      | Kala the Troll Transmuter began the quest for the Orb.
     0 | D:1      | Reached XP level 1. HP: 18/18 MP: 1/1
   123 | D:1      | Found a faded altar of an unknown god.
   127 | D:1      | Reached skill level 1 in Fighting
   127 | D:1      | Reached XP level 2. HP: 27/27 MP: 0/2
   130 | D:1      | Became a worshipper of Vehumet
   130 | D:1      | Reached * piety under Vehumet
   130 | D:1      | Offered knowledge of Foxfire by Vehumet.
   131 | D:1      | Quit the game

Illustrated notes

Levels and vault maps discovered:
D:1:      dpeg_arrival_connections, layout_basic,
          shapermc_ecumenical_altar_notcrosses

Skill      XL: |  1 |
---------------+----+-----
Fighting       | 1 |  1.0
Dodging        | |  1.5
Unarmed Combat | |  3.2
Spellcasting   | |  1.2
Transmutations | |  1.6

Action                   || total
-------------------------++-------
Melee: Unarmed           ||     9
       Headbutt          ||     3
 Cast: Beastly Appendage ||     3
Armor: Robe              ||     1
Dodge: Dodged            ||     6
